 Dungeon Crawl Stone Soup version 0.16.1-51-g6203257 (webtiles) character file.

307515 Miyamura the Unseen (level 20, 0/116 HPs)
             Began as a Spriggan Enchanter on July 8, 2015.
             Was an Initiate of Gozag.
             Killed from afar by a battlesphere (20 damage)
             ... created by a tengu reaver
             ... led by Sojobo
             ... on level 4 of the Vaults.
             The game lasted 05:07:14 (62471 turns).

Miyamura the Unseen (Spriggan Enchanter)           Turns: 62471, Time: 05:07:20

Health: 0/116      AC: 16    Str:  4    XL:     20   Next: 33%
Magic:  31/51      EV: 40    Int: 35    God:    Gozag
Gold:   2167       SH: 12    Dex: 20    Spells: 12 memorised, 7 levels left

rFire  + . .     SeeInvis +     w - +9 rapier (flame)
rCold  . . .     Clarity  +     L - +1 steam dragon armour "Bebab" {rPois rF+ MR+ Dex+3 Stlth-}
rNeg   . . .     SustAb   .     M - +3 buckler {reflect}
rPois  +         Gourm    .     W - +3 hat of Pondering {ponderous, MR+ MP+10 Int+5}
rElec  .         Spirit   .     C - +2 cloak {+Inv}
rCorr  .         Warding  .     (gloves unavailable)
rMut   .         Stasis   .     (boots unavailable)
MR     +++++                    m - amulet of clarity
Stlth  ++++++++..               Y - ring of Moderation {EV+4 Int+5 SInv}
                                e - ring of flight

@: lethally poisoned (0 -> -15), repel missiles, very quick, almost entirely
resistant to hostile enchantments, extraordinarily stealthy
A: unfitting armour, iridescent scales 1, see invisible, herbivore 3, speed 3,
robust 1, slow metabolism 2
a: Potion Petition, Call Merchant, Bribe Branch, Renounce Religion, Evoke
Invisibility, Evoke Flight
}: 2/15 runes: decaying, gossamer


You were on level 4 of the Vaults.
You worshipped Gozag.
Gozag was noncommittal.
You were full.

You visited 7 branches of the dungeon, and saw 42 of its levels.
You also visited: Ossuary and Volcano.

You collected 17807 gold pieces.
You spent 6961 gold pieces at shops.
You paid 8679 gold pieces to Gozag.

Inventory:

Hand weapons
 w - a +9 rapier of flaming (weapon)
 x - the +4 rapier of Internal Strife {antimagic, rN+ Dex+4}
   (You found it in a volcano)

   It disrupts the flow of magical energy around spellcasters and certain
   magical creatures (including the wielder).
   It affects your dexterity (+4).
   It protects you from negative energy.
Armour
 C - a +2 cloak of invisibility (worn)
 L - the +1 steam dragon armour "Bebab" (worn) {rPois rF+ MR+ Dex+3 Stlth-}
   (You found it on level 8 of the Lair of Beasts)

   It affects your dexterity (+3).
   It protects you from fire.
   It protects you from poison.
   It affects your resistance to hostile enchantments.
   It makes you less stealthy.
 M - a +3 buckler of reflection (worn)
 W - the +3 hat of Pondering (worn) {ponderous, MR+ MP+10 Int+5}
   (You found it on level 4 of the Spider Nest)

   It affects your intelligence (+5).
   It affects your resistance to hostile enchantments.
   It affects your magic capacity (+10).
Jewellery
 e - a ring of flight (left hand)
 h - an uncursed ring of sustain abilities
 m - an amulet of clarity (around neck)
 p - the ring "Frouhi" {rElec rN+ Int+5 Dex-3}
   (You found it on level 3 of the Spider Nest)

   [ring of positive energy]

   It affects your intelligence (+5).
   It affects your dexterity (-3).
   It insulates you from electricity.
   It protects you from negative energy.
 S - the amulet "Truuzumi" {rMut rElec Str+5 Int-2 Dex-5 SInv}
   (You found it on level 3 of the Spider Nest)

   [amulet of resist mutation]

   It protects you from mutation.
   It affects your strength (+5).
   It affects your intelligence (-2).
   It affects your dexterity (-5).
   It insulates you from electricity.
   It enhances your eyesight.
 X - the ring of Cluo {rC++ SInv}
   (You bought it in a shop on level 14 of the Dungeon)

   [ring of see invisible]

   It greatly protects you from cold.
   It enhances your eyesight.
 Y - the ring of Moderation (right hand) {EV+4 Int+5 SInv}
   (You bought it in a shop on level 14 of the Dungeon)

   [ring of evasion]

   It affects your evasion (+4).
   It affects your intelligence (+5).
   It enhances your eyesight.
Magical devices
 n - a wand of disintegration (6)
 o - a wand of fireball (4)
 B - a wand of draining (5)
 E - a wand of heal wounds (3)
 H - a wand of cold (9)
 I - a wand of fire (7)
 N - a wand of draining (7)
 R - a wand of teleportation (5)
 T - a wand of hasting (3)
Scrolls
 g - 13 scrolls of magic mapping
 l - a scroll of enchant weapon
 q - 3 scrolls of teleportation
 s - 7 scrolls of blinking
 v - 7 scrolls of amnesia
 y - 12 scrolls of identify
 F - 6 scrolls of enchant armour
 J - 7 scrolls of fear
 O - 8 scrolls of remove curse
 U - 2 scrolls of recharging
Potions
 a - 2 potions of cure mutation
 b - a potion of resistance
 c - a potion of agility
 f - 8 potions of curing
 j - 2 potions of magic
 k - 2 potions of restore abilities
 r - 5 potions of cancellation
 u - a potion of flight
 A - a potion of berserk rage
 D - 6 potions of brilliance
 G - 2 potions of heal wounds
 K - a potion of lignification
 P - 3 potions of might
Miscellaneous
 z - a lamp of fire (inert)
 Q - an ornate deck of defence {drawn: 1}
Comestibles
 d - 12 bread rations
 i - 9 fruits


   Skills:
 + Level 11.8 Fighting
 - Level 14.7 Short Blades
 + Level 18.9 Dodging
 + Level 20.4 Stealth
 - Level 9.0 Shields
 + Level 16.4 Spellcasting
 - Level 6.3 Conjurations
 - Level 8.0 Hexes
 - Level 12.6 Transmutations
 - Level 4.0 Fire Magic
 + Level 9.2 Earth Magic
 - Level 10.0 Evocations


You had 7 spell levels left.
You knew the following spells:

 Your Spells              Type           Power        Failure   Level  Hunger
a - Stone Arrow           Conj/Erth      ######       1%          3    None
b - Blink                 Tloc           N/A          1%          2    None
c - Confuse               Hex            ######..     1%          3    None
e - Ensorcelled Hibernat  Hex/Ice        ######       1%          2    None
f - Statue Form           Trmt/Erth      #######..    1%          6    None
i - Iron Shot             Conj/Erth      ######....   12%         6    None
l - Flight                Chrm/Air       ####......   4%          3    None
r - Regeneration          Chrm/Necr      ####......   4%          3    None
s - Sticky Flame          Conj/Fire      ######..     1%          4    None
F - Cause Fear            Hex            ######....   1%          4    None
H - Hydra Form            Trmt           #######...   1%          6    None
R - Repel Missiles        Chrm/Air       ####..       1%          2    None


Dungeon Overview and Level Annotations

Branches:
Dungeon (15/15)            Temple (1/1) D:6            Lair (8/8) D:10
  Swamp (5/5) Lair:5       Spider (5/5) Lair:6        Slime (0/6) Lair:8
    Orc (4/4) D:11            Elf (0/3) Orc:3        Vaults (4/5) D:14
  Crypt (0/3) Vaults:3     Depths (0/5) D:15

Altars:
Ashenzari
Cheibriados
Dithmenos
Elyvilon
Fedhas
Gozag
Kikubaaqudgha
Makhleb
Nemelex Xobeh
Okawaru
Qazlal
Ru
Sif Muna
Trog
Vehumet
Xom
Yredelemnul
Zin
The Shining One

Shops:
D:4 *   D:5 *   D:10 [   D:11 ***}(   D:12 !   D:13 (   D:14 =   Orc:4 **?
Vaults:1 (   Vaults:2 [   Vaults:3 (   Vaults:4 :[}*   Depths:2 :   Depths:3 *

Annotations:
Spider:5 Mara


Innate Abilities, Weirdness & Mutations

You are tiny and cannot use many weapons and most armour.
You have supernaturally acute eyesight.
You are a herbivore.
You cover ground extremely quickly.
You need consume almost no food.
You are partially covered in iridescent scales (AC +4).
You are robust (+10% HP).


Message History

The tengu reaver is almost dead.
You feel sick.
The tengu reaver hits you but does no damage.
The tengu reaver closely misses you.
The tengu reaver claws you but does no damage.
You closely miss the tengu reaver.
The tengu reaver is almost dead.
You feel sick.
You hit the tengu reaver but do no damage.
The tengu reaver is almost dead.
You feel sick.
You hit the tengu reaver. You burn the tengu reaver.
The tengu reaver is almost dead.
You feel sick. The tengu reaver casts a spell at you.
The bolt of lightning hits you!
* * * LOW HITPOINT WARNING * * *
The battlesphere fires!
The barrage of energy hits you!
You die...
Your body crumbles into a pile of gold.

##.# ##...## ############ ##..#
##.....## #....Q.....#
##...###.......###..........#
###..>.##..).#....##..........'
##.##...#....###..*.#..........#
##...##..'...## ##...#......∩...#
#.....##.#....###....'..........#
.........##....#....#############
############)...@Q.## ###########
##.....## #......>(p. ##...##
#....)..... ##''# ####..#######.
#...###..#..# ....#.
#...'.#..#..#.....#.
#...#'#'##..#.....#.
##'##)'.##).'.....#.
#.'.##'##).#.....#.


You could see a tengu reaver.

Vanquished Creatures
  Boris (Vaults:4)
  Sojobo (Vaults:4)
  Norris (Spider:5)
  Saint Roka (Orc:4)
  A tentacled monstrosity (Swamp:5)
  Asterion (Swamp:4)
  A sphinx (Vaults:3)
  2 thorn hunters (Swamp:5)
  Roxanne (Spider:5)
  A tengu reaver (Vaults:4)
  Donald (Vaults:4)
  A frost giant (Vaults:3)
  7 vault wardens
  Gastronok (Orc:2)
  2 deep elf sorcerers
  2 stone giants (Vaults:2)
  3 ghost moths (Spider:5)
  7 emperor scorpions
  Jorgrun (Spider:3)
  5 ironheart preservers
  11 very ugly things
  A vampire knight (Vaults:3)
  Snorg (Lair:8)
  2 deep elf death magi
  2 ettins (Vaults:3)
  A crystal guardian (Vaults:4)
  A rakshasa (Vaults:1)
  11 vault guards
  4 yaktaur captains
  2 green deaths (Swamp:5)
  Josephine (Orc:2)
  4 great orbs of eyes
  4 fire dragons
  19 hydras
  An ice dragon (Vaults:1)
  The ghost of EmilioHeskey the Fighter, a powerful GrFi of Makhleb (D:13)
  Fannar (Orc:4)
  Harold (Lair:7)
  A ghost crab (Swamp:5)
  15 centaur warriors
  A deep troll earth mage (Vaults:3)
  4 ogre magi
  A tengu warrior (D:15)
  7 alligators
  3 death yaks (Lair:8)
  3 orc high priests (Orc:4)
  Urug (D:13)
  Nergalle (D:14)
  Erolcha (Orc:4)
  A giant orange brain (Vaults:2)
  2 fire crabs
  3 skeletal warriors (D:15)
  A shadow wraith (Vaults:3)
  7 hill giants
  11 ironbrand convokers
  16 swamp dragons
  4 necromancers
  13 orc knights
  2 deep elf summoners
  3 harpies (Vaults:3)
  A shambling mangrove (Swamp:5)
  2 deep trolls (Vaults:3)
  An orb spider (shapeshifter) (D:15)
  A wolf spider zombie (D:13)
  A deep elf conjurer (Vaults:2)
  8 griffons
  3 hornets
  31 wolf spiders
  2 sphinx zombies
  20 orb spiders
  A stone giant zombie (Vaults:3)
  A draconian (shapeshifter) (Vaults:3)
  41 ugly things
  A phantasmal warrior (Vaults:3)
  3 toenail golems (Volcano)
  5 orc sorcerers
  7 cyclopes
  4 moths of wrath
  5 black mambas
  A centaur zombie (D:12)
  13 elephants
  A stone giant skeleton (Vaults:4)
  17 vault sentinels
  Maurice (D:12)
  A titan simulacrum (Vaults:4)
  A fire giant skeleton (Vaults:4)
  A gargoyle (D:12)
  2 orange demons (Swamp:5)
  A queen ant (Lair:1)
  21 spiny frogs
  Psyche (Orc:2)
  5 komodo dragons
  22 jumping spiders
  3 freezing wraiths
  31 yaktaurs
  7 demonic crawlers
  3 deep elf priests
  A yaktaur skeleton (Vaults:4)
  A human skeleton (Vaults:4)
  11 trolls
  5 fire drakes
  A tengu simulacrum (Vaults:3)
  4 spriggan druids
  11 polar bears
  Sonja (Orc:4)
  9 two-headed ogres
  6 giant leeches
  10 bog bodies
  3 boulder beetles
  An ettin zombie (Vaults:3)
  12 ravens
  4 baby alligators (Swamp:4)
  6 shadows
  23 slime creatures
  4 blink frogs (Lair:5)
  3 air elementals (Vaults:4)
  3 basilisks
  2 frost giant simulacra (Vaults:3)
  3 vampires (Vaults:3)
  5 wraiths (Orc:2)
  3 deep elf magi
  18 trapdoor spiders
  48 redbacks
  11 spriggans
  A trapdoor spider (shapeshifter) (D:13)
  A tarantella (shapeshifter) (D:13)
  28 tarantellas
  53 yaks
  6 humans (Volcano)
  36 vampire mosquitoes
  4 fire bats (D:10)
  6 wyverns
  17 deep elf fighters
  46 swamp worms
  Edmund (D:8)
  Menkaure (D:5)
  7 wargs
  5 hungry ghosts
  19 wolves
  15 insubstantial wisps
  13 hippogriffs
  A large abomination (Swamp:5)
  14 porcupines
  A porcupine (shapeshifter) (Vaults:2)
  37 spiders
  24 water moccasins
  6 soldier ants
  35 orc warriors
  22 swamp drakes
  A hell hound (D:10)
  30 ogres
  4 wasps
  4 ice beasts
  5 boggarts (Vaults:2)
  6 necrophages
  3 sky beasts
  13 black bears
  32 centaurs
  2 eyes of draining
  A phantom (D:4)
  A lost soul (Vaults:2)
  Sigmund (D:4)
  Duvessa (D:4)
  13 crocodiles
  23 giant frogs
  2 human zombies (Vaults:4)
  Blork the orc (D:6)
  A wyvern zombie (D:13)
  14 killer bees
  5 scorpions
  5 wights
  An elf skeleton (Vaults:3)
  6 electric eels
  2 lava snakes (D:10)
  Dowan (D:4)
  35 orc priests
  5 crimson imps
  2 giant frog zombies
  A goliath beetle (D:6)
  2 giant frog skeletons
  11 jellies
  8 hounds
  4 centaur skeletons
  44 orc wizards
  10 iguanas
  A hell rat (Orc:3)
  A statue (D:9)
  20 worker ants
  35 sheep
  Jessica (D:3)
  12 mummies (Ossuary)
  A hound skeleton (D:4)
  A hound zombie (D:9)
  6 gnolls
  27 adders
  115 river rats
  2 shadow imps
  8 worms
  5 adder skeletons
  5 giant geckos
  12 oozes
  182 orcs
  15 bats
  2 bat skeletons (D:4)
  A bat zombie (D:5)
  3 giant cockroaches
  26 goblins
  20 hobgoblins
  11 jackals
  14 kobolds
  10 quokkas
  6 giant newts
  5 giant spores
  3 gnoll skeletons (Ossuary)
  3 kobold skeletons (Ossuary)
  An orc skeleton (Ossuary)
  15 rats
  11 rat skeletons (Ossuary)
  2 ballistomycetes
  3 briar patches (Swamp:5)
  2 plants
1975 creatures vanquished.

Vanquished Creatures (collateral kills)
  A very ugly thing (Vaults:2)
  A deep elf mage (D:13)
2 creatures vanquished.

Vanquished Creatures (others)
  An ogre mage (Vaults:4)
  A yaktaur skeleton (Vaults:4)
  3 yaktaurs
  3 fire vortices (D:10)
  A slime creature (Lair:1)
  2 swamp drakes
  A lost soul (Vaults:2)
  A worker ant (D:12)
  2 orcs
  A goblin skeleton (Ossuary)
  16 fungi
  A plant (Spider:2)
33 creatures vanquished.

Grand Total: 2010 creatures vanquished

Notes
Turn   | Place    | Note
--------------------------------------------------------------
     0 | D:1      | Miyamura, the Spriggan Enchanter, began the quest for the Orb.
     0 | D:1      | Reached XP level 1. HP: 9/9 MP: 4/4
   272 | D:1      | Reached XP level 2. HP: 13/13 MP: 8/8
   285 | D:1      | Learned a level 2 spell: Ensorcelled Hibernation
   799 | D:2      | Reached XP level 3. HP: 11/16 MP: 8/11
   920 | D:2      | Learned a level 3 spell: Confuse
   985 | D:2      | Found a glowing golden altar of the Shining One.
   986 | D:2      | Noticed an angel
  1574 | D:2      | Found a basalt altar of Yredelemnul.
  1577 | D:2      | Noticed a profane servitor
  1969 | D:3      | Reached skill level 5 in Stealth
  2330 | D:3      | Reached XP level 4. HP: 21/21 MP: 8/14
  2556 | D:3      | Noticed Jessica
  2575 | D:3      | Killed Jessica
  2626 | D:3      | Found a burning altar of Makhleb.
  2631 | D:3      | Found a glowing silver altar of Zin.
  2631 | D:3      | Noticed a green death
  2631 | D:3      | Noticed an angel
  2632 | D:3      | Reached skill level 1 in Fighting
  2704 | D:3      | Reached XP level 5. HP: 25/25 MP: 13/18
  2996 | D:4      | Found Gosto's General Store.
  3157 | D:4      | Noticed an ogre
  3181 | D:4      | Killed an ogre
  3181 | D:4      | Reached skill level 6 in Stealth
  3181 | D:4      | Reached XP level 6. HP: 21/30 MP: 13/20
  3335 | D:4      | Got an encrusted shortbow
  3371 | D:4      | Noticed Duvessa
  3375 | D:4      | Noticed Dowan
  3377 | D:4      | Killed Duvessa
  3377 | D:4      | Reached skill level 5 in Dodging
  3383 | D:4      | Killed Dowan
  3383 | D:4      | Reached skill level 5 in Hexes
  3392 | D:4      | Identified the cursed -1 shortbow of Accord {flame, Str+2 Int+2} (You found it on level 4 of the Dungeon)
  3445 | D:4      | Noticed a phantom
  3446 | D:4      | Killed a phantom
  3446 | D:4      | Reached XP level 7. HP: 34/34 MP: 22/22
  3488 | D:4      | Noticed Sigmund
  3624 | D:4      | Learned a level 2 spell: Sure Blade
  3712 | D:4      | Killed Sigmund
  3712 | D:4      | Reached skill level 5 in Spellcasting
  3910 | D:5      | Entered Level 5 of the Dungeon
  3916 | D:5      | Found a deep blue altar of Sif Muna.
  3923 | D:5      | Noticed Menkaure
  4027 | D:5      | Found a sand-covered staircase.
  4032 | Ossuary  | Entered an ossuary
  4733 | D:5      | Found Cuigriung's General Store.
  4792 | D:5      | Noticed a yak
  4793 | D:5      | Noticed a yak
  4794 | D:5      | Noticed a yak
  4804 | D:5      | Noticed a yak
  4804 | D:5      | Noticed a yak
  4806 | D:5      | Noticed a yak
  4819 | D:5      | Killed Menkaure
  4819 | D:5      | Reached skill level 7 in Stealth
  4844 | D:5      | Killed a yak
  5128 | D:5      | Killed a yak
  5128 | D:5      | Reached XP level 8. HP: 39/39 MP: 21/24
  5147 | D:5      | Killed a yak
  5150 | D:5      | Killed a yak
  5152 | D:5      | Killed a yak
  5155 | D:5      | Killed a yak
  5155 | D:5      | Reached skill level 8 in Stealth
  5206 | D:5      | Found a blossoming altar of Fedhas.
  5472 | D:5      | Reached skill level 5 in Short Blades
  5809 | D:6      | Noticed Blork the orc
  5817 | D:6      | Killed Blork the orc
  5817 | D:6      | Reached XP level 9. HP: 44/44 MP: 27/27
  6067 | D:6      | Found a staircase to the Ecumenical Temple.
  6104 | Temple   | Entered the Ecumenical Temple
  6570 | D:6      | Found a shimmering altar of Xom.
  6573 | D:6      | Found a white marble altar of Elyvilon.
  6578 | D:6      | Found an opulent altar of Gozag.
  6762 | D:7      | Reached skill level 9 in Stealth
  7184 | D:6      | Found a bloodstained altar of Trog.
  7192 | D:6      | Became a worshipper of Gozag Ym Sagoz the Greedy
  7465 | D:8      | Noticed Edmund
  7475 | D:8      | Killed Edmund
  8038 | D:9      | Reached skill level 10 in Stealth
  8043 | D:9      | Reached XP level 10. HP: 51/51 MP: 22/29
  8060 | D:9      | Learned a level 4 spell: Sticky Flame
  8179 | D:9      | Found a radiant altar of Vehumet.
  8395 | D:9      | Reached skill level 1 in Fire Magic
  9032 | D:9      | Reached skill level 1 in Conjurations
  9263 | D:10     | Entered Level 10 of the Dungeon
  9359 | D:10     | Reached skill level 5 in Fighting
  9414 | D:10     | Found a staircase to the Lair.
  9470 | D:10     | Found Vyssica Preu's Antique Armour Boutique.
  9478 | D:10     | Bought a glowing hat for 120 gold pieces
  9478 | D:10     | Bought an embroidered cloak for 135 gold pieces
  9646 | D:10     | Reached skill level 11 in Stealth
 10571 | D:10     | Noticed a hill giant
 10585 | D:10     | Killed a hill giant
 10585 | D:10     | Reached XP level 11. HP: 52/56 MP: 26/31
 10663 | Lair:1   | Entered Level 1 of the Lair of Beasts
 10848 | Lair:1   | Reached skill level 10 in Dodging
 11563 | Lair:1   | Reached skill level 12 in Stealth
 13270 | Lair:2   | Learned a level 3 spell: Stone Arrow
 13276 | Lair:2   | Learned a level 5 spell: Summon Forest
 13283 | Lair:2   | Learned a level 6 spell: Hydra Form
 13288 | Lair:2   | Learned a level 4 spell: Cause Fear
 14152 | Lair:2   | Reached skill level 1 in Earth Magic
 14305 | Lair:2   | Reached XP level 12. HP: 23/61 MP: 3/33
 14657 | Lair:3   | Reached skill level 10 in Spellcasting
 14678 | Lair:3   | Reached skill level 13 in Stealth
 15944 | Lair:4   | Noticed a six-headed hydra
 15950 | Lair:4   | Killed a six-headed hydra
 16349 | Lair:4   | Reached skill level 1 in Transmutations
 17850 | Lair:5   | Gained mutation: You are partially covered in iridescent scales (AC +4). [potion of mutation]
 17850 | Lair:5   | Gained mutation: You are robust (+10% HP). [potion of mutation]
 17980 | Lair:5   | Found a staircase to the Swamp.
 17990 | Lair:5   | Reached skill level 14 in Stealth
 18120 | Lair:5   | Reached XP level 13. HP: 43/73 MP: 3/34
 18984 | Lair:6   | Found a hole to the Spider Nest.
 19707 | Lair:6   | Found a staircase to the Shoals.
 20060 | Lair:7   | Noticed Harold
 20063 | Lair:7   | Killed Harold
 20073 | Lair:7   | Reached skill level 10 in Short Blades
 20534 | Lair:8   | Entered Level 8 of the Lair of Beasts
 20815 | Lair:7   | Reached skill level 5 in Conjurations
 20828 | Lair:7   | Learned a level 5 spell: Phase Shift
 21008 | Lair:8   | Reached skill level 5 in Transmutations
 21334 | Lair:8   | Found a staircase to the Slime Pits.
 22420 | Lair:8   | Reached skill level 15 in Stealth
 22634 | Lair:8   | Noticed Snorg
 22640 | Lair:8   | Killed Snorg
 22940 | Lair:8   | Reached XP level 14. HP: 79/79 MP: 32/36
 24408 | D:11     | Found Klotaol's Gadget Boutique.
 24598 | D:11     | Found Gheshesu's Assorted Antiques.
 24624 | D:11     | Found Sachaj's Assorted Antiques.
 24636 | D:11     | Found Klaqis' Assorted Antiques.
 24652 | D:11     | Bought a glowing rapier for 84 gold pieces
 24655 | D:11     | Identified a scroll of acquirement
 24851 | D:11     | Found a staircase to the Orcish Mines.
 25033 | D:11     | Found Schuxti's Weapon Emporium.
 25042 | D:11     | Bought the cursed +3 rapier of the Iron City of Dis {pierce, rElec rN+ Str+4 Int-3} for 421 gold pieces
 25387 | D:12     | Noticed Maurice
 25389 | D:12     | Killed Maurice
 25903 | D:12     | Found Xoloucel's Distillery.
 25911 | D:12     | Bought a potion of curing for 45 gold pieces
 25911 | D:12     | Bought a potion of invisibility for 120 gold pieces
 25911 | D:12     | Bought a potion of heal wounds for 75 gold pieces
 26207 | D:12     | Found a deep blue altar of Sif Muna.
 26231 | D:12     | Identified Sif Muna's Almanac of Boosts
 26504 | Orc:1    | Entered Level 1 of the Orcish Mines
 26842 | Orc:2    | Noticed Josephine
 26871 | Orc:2    | Found a dark tunnel.
 26883 | Orc:2    | Killed Josephine
 26904 | Volcano  | Entered a volcano
 27174 | Volcano  | Got an iridescent rapier
 27175 | Volcano  | Identified the +4 rapier of Internal Strife {antimagic, rN+ Dex+4} (You found it in a volcano)
 27536 | Orc:2    | Found a burning altar of Makhleb.
 27852 | Orc:2    | Noticed Gastronok
 27868 | Orc:2    | Noticed Psyche
 27877 | Orc:2    | Killed Psyche
 27882 | Orc:2    | Killed Gastronok
 28789 | Orc:3    | Found a staircase to the Elven Halls.
 28789 | Orc:3    | Found a bloodstained altar of Trog.
 29283 | Orc:3    | Reached skill level 16 in Stealth
 30076 | Orc:4    | Entered Level 4 of the Orcish Mines
 30076 | Orc:4    | Noticed Saint Roka
 30256 | Orc:4    | Noticed Erolcha
 30553 | Orc:4    | Reached skill level 1 in Shields
 30608 | Orc:4    | Noticed Sonja
 30621 | Orc:4    | Killed Sonja
 30678 | Orc:4    | Noticed Fannar
 30694 | Orc:4    | Killed Erolcha
 30703 | Orc:4    | Killed Fannar
 31686 | Orc:3    | Reached XP level 15. HP: 57/85 MP: 32/37
 32428 | Orc:4    | Found Stuowoxt's Jewellery Boutique.
 32460 | Orc:4    | Found Liohim Skory's Assorted Antiques.
 32469 | Orc:4    | Found Dorogrom's Magic Scroll Emporium.
 32477 | Orc:4    | Found Twiotr Imiju's General Store.
 32486 | Orc:4    | Bought a scroll of magic mapping for 45 gold pieces
 32486 | Orc:4    | Bought a scroll of remove curse for 39 gold pieces
 32486 | Orc:4    | Bought a scroll of teleportation for 39 gold pieces
 32496 | Orc:4    | Bought a scroll of teleportation for 42 gold pieces
 32496 | Orc:4    | Bought a scroll of amnesia for 49 gold pieces
 32496 | Orc:4    | Bought a scroll of enchant armour for 105 gold pieces
 32496 | Orc:4    | Bought 2 scrolls of identify for 56 gold pieces
 32496 | Orc:4    | Bought 2 scrolls of magic mapping for 98 gold pieces
 32496 | Orc:4    | Bought a scroll of enchant weapon for 105 gold pieces
 32496 | Orc:4    | Bought a scroll of magic mapping for 49 gold pieces
 32496 | Orc:4    | Bought a scroll of brand weapon for 280 gold pieces
 32496 | Orc:4    | Bought a scroll of magic mapping for 49 gold pieces
 32496 | Orc:4    | Bought a scroll of magic mapping for 49 gold pieces
 32829 | Orc:4    | Killed Saint Roka
 32829 | Orc:4    | Reached skill level 5 in Shields
 33491 | D:13     | Noticed EmilioHeskey's ghost (powerful GrFi)
 33568 | D:13     | Killed EmilioHeskey's ghost
 33795 | D:13     | Noticed Urug
 33802 | D:13     | Killed Urug
 34692 | D:13     | Found Xybbeahe's Weapon Boutique.
 34830 | D:14     | Found Uckom's Jewellery Emporium.
 34838 | D:14     | Bought an uncursed ring of protection from cold for 350 gold pieces
 34838 | D:14     | Bought the ring of Cluo {rC++ SInv} for 553 gold pieces
 34838 | D:14     | Bought the ring of Moderation {EV+4 Int+5 SInv} for 807 gold pieces
 34972 | D:14     | Noticed Nergalle
 34975 | D:14     | Killed Nergalle
 35574 | D:14     | Found a gate to the Vaults.
 36471 | D:15     | Entered Level 15 of the Dungeon
 37594 | D:15     | Reached XP level 16. HP: 82/90 MP: 38/38
 37798 | D:15     | Found a staircase to the Depths.
 38589 | Spider:1 | Entered Level 1 of the Spider Nest
 40834 | Spider:3 | Got a heavily runed silver ring
 40836 | Spider:3 | Identified the ring "Frouhi" {rElec rN+ Int+5 Dex-3} (You found it on level 3 of the Spider Nest)
 40908 | Spider:3 | Got a spiked fire dragon armour
 40919 | Spider:3 | Identified the -3 fire dragon armour of Purpose {rElec rPois rF++ rC- MR+ Int+4 Stlth+} (You acquired it on level 3 of the Spider Nest)
 41141 | Spider:3 | Noticed Jorgrun
 41150 | Spider:3 | Killed Jorgrun
 41189 | Spider:3 | Got a transparent platinum amulet
 41319 | Spider:3 | Learned a level 3 spell: Regeneration
 41629 | Spider:4 | Identified the amulet "Truuzumi" {rMut rElec Str+5 Int-2 Dex-5 SInv} (You found it on level 3 of the Spider Nest)
 43162 | Spider:5 | Entered Level 5 of the Spider Nest
 43261 | Spider:5 | Noticed Roxanne
 43275 | Spider:5 | Noticed Mara
 43279 | Spider:5 | Noticed Miyamura's illusion
 43570 | Spider:5 | Noticed Norris
 43589 | Spider:5 | Reached skill level 15 in Dodging
 44022 | Spider:5 | Killed Norris
 44022 | Spider:5 | Reached XP level 17. HP: 38/96 MP: 32/39
 44494 | Spider:5 | Killed Roxanne
 44497 | Spider:5 | Identified Roxanne's Reference Book on Ashen Moulding (You took it off Roxanne on level 5 of the Spider Nest)
 44576 | Spider:5 | Learned a level 6 spell: Statue Form
 44826 | Spider:5 | Noticed Miyamura's illusion
 45122 | Spider:5 | Noticed Miyamura's illusion
 45147 | Spider:4 | Reached skill level 10 in Transmutations
 45953 | Spider:5 | Reached skill level 17 in Stealth
 47005 | Spider:5 | Got a gossamer rune of Zot
 47089 | Spider:5 | Noticed Miyamura's illusion
 47183 | Spider:5 | Noticed Miyamura's illusion
 47257 | Spider:5 | Noticed Miyamura's illusion
 47588 | Swamp:1  | Entered Level 1 of the Swamp
 47911 | Swamp:1  | Found a bloodstained altar of Trog.
 48112 | Swamp:1  | Learned a level 2 spell: Blink
 48784 | Lair:8   | Got a transparent steam dragon armour
 48796 | Lair:8   | Identified the +1 steam dragon armour "Bebab" {rPois rF+ MR+ Dex+3 Stlth-} (You found it on level 8 of the Lair of Beasts)
 49664 | Swamp:2  | Reached skill level 10 in Fighting
 50607 | Swamp:3  | Found an iron altar of Okawaru.
 50627 | Swamp:3  | Reached skill level 18 in Stealth
 51025 | Swamp:3  | Got an opalescent robe
 51026 | Swamp:3  | Identified the +2 robe of Honesty {Int+3} (You found it on level 3 of the Swamp)
 51799 | Swamp:4  | Noticed Asterion
 51820 | Swamp:4  | Killed Asterion
 52504 | Swamp:5  | Entered Level 5 of the Swamp
 52651 | Swamp:5  | Reached XP level 18. HP: 104/104 MP: 40/40
 54116 | Swamp:5  | Noticed a tentacled monstrosity
 54162 | Swamp:5  | Killed a tentacled monstrosity
 54353 | Swamp:5  | Got a decaying rune of Zot
 55000 | Lair:1   | Learned a level 3 spell: Flight
 55005 | Lair:1   | Learned a level 2 spell: Repel Missiles
 55012 | Lair:1   | Learned a level 6 spell: Iron Shot
 55226 | Vaults:1 | Entered Level 1 of the Vaults
 55351 | Vaults:1 | Reached skill level 19 in Stealth
 55491 | Vaults:1 | Reached skill level 15 in Spellcasting
 56325 | Vaults:1 | Reached skill level 1 in Evocations
 56594 | Vaults:1 | Found Thekasach's Antique Weapon Shoppe.
 56629 | Vaults:1 | Reached skill level 5 in Earth Magic
 56705 | Vaults:1 | Reached skill level 5 in Evocations
 57250 | Vaults:1 | Reached XP level 19. HP: 74/108 MP: 41/41
 57584 | Vaults:2 | Found Pastra's Antique Armour Boutique.
 57590 | Vaults:2 | Bought a glowing buckler for 157 gold pieces
 57590 | Vaults:2 | Bought a runed buckler for 157 gold pieces
 58428 | Vaults:2 | Reached skill level 10 in Evocations
 59415 | Vaults:3 | Found Xarghogre's Antique Weapon Boutique.
 59434 | Vaults:3 | Bought a scorched shortbow for 320 gold pieces
 59435 | Vaults:3 | Identified the cursed -2 shortbow "Hydrabane" {flame, +Fly rPois rC+ Int+2 Dex+3 Stlth-} (You bought it in a shop on level 3 of the Vaults)
 59566 | Vaults:3 | Found a staircase to the Crypt.
 60921 | Vaults:3 | Reached skill level 20 in Stealth
 61383 | Vaults:4 | Reached XP level 20. HP: 115/115 MP: 42/42
 61509 | Vaults:4 | Noticed Boris
 61516 | Vaults:4 | Killed Boris
 61550 | Vaults:4 | Noticed Donald
 61576 | Vaults:4 | Killed Donald
 61601 | Vaults:4 | Found Khushrua's Assorted Antiques.
 61611 | Vaults:4 | Found Gontuxun's Gadget Emporium.
 61616 | Vaults:4 | Bought an ornate deck of defence for 300 gold pieces
 61616 | Vaults:4 | Bought a wand of teleportation (5) for 405 gold pieces
 61616 | Vaults:4 | Bought a wand of hasting (3) for 630 gold pieces
 61631 | Vaults:4 | Bought a scroll of brand weapon for 760 gold pieces
 61642 | Vaults:4 | Found Iqagumajia's Antique Armour Shoppe.
 61654 | Vaults:4 | Bought a twisted cloak for 351 gold pieces
 61654 | Vaults:4 | Bought an embroidered cloak for 166 gold pieces
 61655 | Vaults:4 | Identified the cursed -5 cloak of Heresy {Stlth+} (You bought it in a shop on level 4 of the Vaults)
 62041 | Vaults:4 | Noticed Sojobo
 62078 | Vaults:4 | Found an iron altar of Okawaru.
 62213 | Vaults:4 | Found Clerghae's Book Shoppe.
 62377 | Vaults:4 | Killed Sojobo
 62471 | Vaults:4 | Killed from afar by a battlesphere

Action                   |  1- 3 |  4- 6 |  7- 9 | 10-12 | 13-15 | 16-18 | 19-21 || total
-------------------------+-------+-------+-------+-------+-------+-------+-------++-------
Melee: Dagger            |   130 |    95 |   451 |   990 |    67 |       |       ||  1733
       Rapier            |       |       |       |       |  1769 |  2459 |  1193 ||  5421
       Unarmed           |       |       |       |       |    22 |       |       ||    22
 Cast: Corona            |     1 |       |       |       |       |       |       ||     1
       Ensorcelled Hiber |    14 |     6 |    64 |   298 |   282 |   148 |       ||   812
       Confuse           |     1 |    12 |    38 |    64 |   174 |   165 |   101 ||   555
       Sticky Flame      |       |       |       |     5 |     9 |     2 |     1 ||    17
       Sure Blade        |       |       |       |     5 |       |       |       ||     5
       Stone Arrow       |       |       |       |    17 |    46 |   115 |     8 ||   186
       Cause Fear        |       |       |       |     4 |     6 |       |     2 ||    12
       Hydra Form        |       |       |       |       |     3 |       |       ||     3
       Regeneration      |       |       |       |       |       |    39 |    29 ||    68
       Statue Form       |       |       |       |       |       |     7 |       ||     7
       Iron Shot         |       |       |       |       |       |     1 |    18 ||    19
       Repel Missiles    |       |       |       |       |       |     1 |     2 ||     3
       Blink             |       |       |       |       |       |     1 |       ||     1
Invok: Call Merchant     |       |       |       |       |     4 |     4 |       ||     8
 Abil: Evoke Flight      |       |       |       |       |     2 |    31 |       ||    33
       End Transformatio |       |       |       |       |     1 |     6 |       ||     7
       Evoke Invisibilit |       |       |       |       |       |     3 |     3 ||     6
Evoke: Wand              |       |       |     3 |     4 |    14 |     9 |     6 ||    36
       Deck              |       |       |       |       |       |       |     1 ||     1
       Lamp of fire      |       |       |       |       |       |       |     1 ||     1
  Use: Scroll            |     8 |     4 |    10 |     9 |    22 |    19 |    18 ||    90
       Potion            |     1 |       |       |    10 |     8 |    11 |       ||    30
 Stab: Sleeping          |    14 |     9 |    74 |   248 |   236 |   143 |    37 ||   761
       Distracted        |     1 |       |     2 |     8 |    24 |    12 |     8 ||    55
       Confused          |       |    10 |    25 |    39 |   107 |    94 |    65 ||   340
       Fleeing           |       |       |       |       |     8 |       |       ||     8
       Invisible         |       |       |       |       |     6 |    10 |    20 ||    36
  Eat: Pizza             |       |     1 |     2 |     3 |     1 |     3 |     1 ||    11
       Fruit             |       |       |     4 |     3 |    14 |     5 |       ||    26
       Bread ration      |       |       |       |     1 |     1 |     3 |     2 ||     7
       Royal jelly       |       |       |       |       |       |     3 |       ||     3
